[Event "Titled Tuesday Blitz January 03 Early 2023"]
[White "Ciuffoletti, Paolo"]
[Black "Gavilan Diaz, Mario"]
[WhiteFideId "807630"]
[BlackFideId "2260905"]
[WhiteElo "2106"]
[BlackElo "2271"]
[Result "1-0"]
[Round "09"]
[TimeControl "180+2"]
[Date "2023.01.03"]
[WhiteClock "0:00:02"]
[BlackClock "0:00:01"]

1. e4 e6 2. d4 d5 3. e5 c5 4. c3 Nc6 5. Nf3 Qb6 6. a3 Nh6 7. b4 cxd4 8. cxd4 Nf5 9. Be3 f6 10. exf6 gxf6 11. Bd3 Nxe3 12. fxe3 Bh6 13. Qe2 O-O 14. Nc3 Bd7 15. O-O Ne7 16. Nd1 Rac8 17. Nf2 e5 18. dxe5 Bxe3 19. exf6 Rxf6 20. Kh1 Rcf8 21. Rae1 d4 22. Ne4 Rh6 23. Bc4+ Kh8 24. Ne5 Bf5 25. Ng5 Bxg5 26. Nf7+ Rxf7 27. Bxf7 Be3 28. Qf3 Qd6 29. h3 Bd3 30. Rxe3 dxe3 31. Re1 Rf6 32. Qxe3 Rxf7 33. Rd1 Rf1+ 34. Rxf1 Bxf1 35. Qc3+ Kg8 36. Qf3 Bc4 37. Qg4+ Kf7 38. Qxc4+ Qe6 39. Qf4+ Qf6 40. Qc4+ Kg7 41. Qc7 Qf1+ 42. Kh2 Qf6 43. Qxb7 Qe5+ 44. Kh1 Qe1+ 45. Kh2 Qe5+ 46. Kh1 Kg6 47. Qxa7 Nf5 48. Qb6+ Kg5 49. Qd8+ Kf4 50. Qa5 Ng3+ 51. Kh2 1-0


[Site "https://www.chess.com"]

[Event "Titled Tuesday Blitz January 03 Early 2023"]
[White "Hartikainen, Jarmo"]
[Black "Legenia, Artem"]
[WhiteFideId "503134"]
[BlackFideId "14136945"]
[WhiteElo "2108"]
[BlackElo "2092"]
[Result "0-1"]
[Round "09"]
[TimeControl "180+2"]
[Date "2023.01.03"]
[WhiteClock "0:00:05"]
[BlackClock "0:00:14"]

1. e4 c5 2. c3 e6 3. d4 cxd4 4. cxd4 Nf6 5. Nc3 d5 6. e5 Nfd7 7. Bd3 Nc6 8. Nf3 Qb6 9. O-O Nxd4 10. Nxd4 Qxd4 11. Nb5 Qxe5 12. Re1 Qb8 13. Qc2 Bd6 14. Nxd6+ Qxd6 15. Be3 d4 16. Bd2 h6 17. a3 a5 18. b4 a4 19. b5 Qc5 20. Qb2 Qd5 21. Bb4 Nc5 22. Bxc5 Qxc5 23. Rac1 Qd6 24. Re4 e5 25. Rce1 f6 26. Rxd4 Qc7 27. Rc4 Qd6 28. Rd1 Qe7 29. Bg6+ Kf8 30. b6 Be6 31. Rc7 Rd8 32. Rdc1 Qd6 33. h3 Kg8 34. Qb5 Qd2 35. Qxa4 Qg5 36. Be8 Bd5 37. g3 Qf5 38. Qg4 Qxg4 39. hxg4 Rxe8 40. Rd7 Bc6 41. Rd6 Rc8 42. a4 Kf7 43. a5 Ke7 44. Rd2 Bb5 45. Rdc2 Rc6 46. Rxc6 bxc6 47. a6 Bxa6 48. Rxc6 Rb8 49. Rc7+ Kf8 50. f4 exf4 51. gxf4 Rxb6 52. Ra7 Bc4 53. Kf2 Bf7 54. Ke3 Rb3+ 55. Kf2 Rb4 56. Rc7 Rxf4+ 57. Kg3 Rc4 58. Ra7 Rc3+ 59. Kf4 Be6 60. Ra8+ Kf7 61. Ra7+ Kg6 62. Ke4 Bxg4 63. Kf4 h5 64. Rc7 Rxc7 65. Kg3 Kg5 0-1


[Site "https://www.chess.com"]

[Event "Titled Tuesday Blitz January 03 Early 2023"]
[White "Broca Jimenez, Fernando"]
[Black "Zaichenko, Daria"]
[WhiteFideId "5104742"]
[BlackFideId "4197453"]
[WhiteElo "2075"]
[BlackElo "2104"]
[Result "0-1"]
[Round "09"]
[TimeControl "180+2"]
[Date "2023.01.03"]
[WhiteClock "0:00:01"]
[BlackClock "0:01:31"]

1. e4 c5 2. c3 Nc6 3. d4 cxd4 4. cxd4 d5 5. e5 Bf5 6. Nf3 e6 7. Bd3 Bb4+ 8. Nc3 Be4 9. Be3 Nge7 10. O-O Bg6 11. Rc1 Nf5 12. a3 Nxe3 13. fxe3 Be7 14. e4 O-O 15. exd5 exd5 16. Bxg6 hxg6 17. Re1 Bg5 18. Nxg5 Qxg5 19. Nxd5 Rad8 20. Nc3 Rxd4 21. Qb3 Nxe5 22. Qxb7 Rd2 23. Rcd1 Ng4 24. Qf3 Qc5+ 25. Kh1 Nf2+ 0-1


[Site "https://www.chess.com"]

[Event "Titled Tuesday Blitz January 03 Early 2023"]
[White "Martinez, Shawn"]
[Black "Clawitter, Craig"]
[WhiteFideId "2039770"]
[BlackFideId "2023105"]
[WhiteElo "1881"]
[BlackElo "2050"]
[Result "0-1"]
[Round "09"]
[TimeControl "180+2"]
[Date "2023.01.03"]
[WhiteClock "0:00:49"]
[BlackClock "0:00:06"]

1. e4 e6 2. d4 d5 3. Bd3 dxe4 4. Bxe4 Nf6 5. Bf3 c5 6. Be3 cxd4 7. Qxd4 Qxd4 8. Bxd4 Nc6 9. Bxf6 gxf6 10. Bxc6+ bxc6 11. Nc3 Rb8 12. O-O-O Bh6+ 13. Kb1 Rg8 14. g3 f5 15. Nf3 Bg7 16. Na4 Rb4 17. b3 Ba6 18. a3 Rxa4 19. bxa4 Be2 20. Nd4 Bxd1 21. Rxd1 Bxd4 22. Rxd4 Ke7 23. Kb2 Rd8 24. Rxd8 Kxd8 25. Kc3 Kd7 26. Kc4 Kd6 27. f4 f6 28. a5 a6 29. Kd4 e5+ 30. Kc4 h5 31. h4 e4 32. c3 c5 33. a4 Kc6 34. Kb3 e3 35. Kc2 c4 36. Kd1 Kd5 37. Ke2 Ke4 38. Ke1 Kf3 39. Kf1 Kxg3 40. Ke2 Kxf4 0-1


[Site "https://www.chess.com"]

[Event "Titled Tuesday Blitz January 03 Early 2023"]
[White "Pein, Malcolm"]
[Black "Hernandez Bonilla, Amelia"]
[WhiteFideId "400289"]
[BlackFideId "3900193"]
[WhiteElo "2305"]
[BlackElo "1960"]
[Result "0-1"]
[Round "09"]
[TimeControl "180+2"]
[Date "2023.01.03"]
[WhiteClock "0:00:01"]
[BlackClock "0:00:48"]

1. Nf3 d5 2. c4 e6 3. d4 Nf6 4. Nc3 Be7 5. Bf4 c6 6. e3 O-O 7. Qc2 b6 8. O-O-O Bb7 9. Rg1 Qc8 10. g4 dxc4 11. Bxc4 c5 12. d5 Nxd5 13. Bxd5 exd5 14. Nxd5 Bxd5 15. Rxd5 Nc6 16. Rh5 g6 17. Bh6 Rd8 18. Qc3 Bf8 19. Bxf8 Rxf8 20. Ng5 Nb4 21. Qf6 Qd8 22. Qxd8 Rfxd8 23. Rxh7 f6 24. Rh6 fxg5 25. Rxg6+ Kf7 26. Rxg5 Nxa2+ 27. Kb1 Nb4 28. Rf5+ Kg7 29. h4 Rd2 30. g5 Rf8 31. Rxf8 Kxf8 32. Rg2 Nd3 0-1


[Site "https://www.chess.com"]

[Event "Titled Tuesday Blitz January 03 Early 2023"]
[White "Fernandez Hernandez, Gerardo"]
[Black "Makhmudov, Shukhrat"]
[WhiteFideId "2207400"]
[BlackFideId "14200775"]
[WhiteElo "2181"]
[BlackElo "2115"]
[Result "0-1"]
[Round "09"]
[TimeControl "180+2"]
[Date "2023.01.03"]
[WhiteClock "0:00:02"]
[BlackClock "0:01:35"]

1. e4 e5 2. Nf3 Nc6 3. Bc4 Nf6 4. Ng5 d5 5. exd5 Na5 6. Bb5+ c6 7. dxc6 bxc6 8. Qf3 cxb5 9. Qxa8 Qc7 10. Nc3 Nc6 11. Nxb5 Qd7 12. d3 Bc5 13. Be3 Bxe3 14. fxe3 Nd5 15. O-O O-O 16. Rxf7 Rxf7 17. Nxf7 Kxf7 18. Qxc8 Qxc8 19. Nd6+ Ke6 20. Nxc8 Nxe3 21. c3 Kd7 22. Re1 Ng4 23. h3 Nf6 24. Nxa7 Nxa7 25. Rxe5 Nc6 26. Re2 Nd5 27. a4 Nf4 28. Re3 Nd5 29. Rg3 g6 30. Rf3 Ke7 31. d4 Na5 32. b4 Nc4 33. a5 Nc7 34. Rf4 Nd5 35. Re4+ Kd7 36. a6 Nxc3 37. a7 Nb6 38. Re3 Nb5 39. Re5 Nxa7 40. Rc5 Nc6 41. d5 Nxb4 42. Rb5 N6xd5 43. Kf2 Kc6 44. Ra5 Kb6 45. Ra8 h5 46. Kg3 g5 47. Rg8 h4+ 0-1


[Site "https://www.chess.com"]

[Event "Titled Tuesday Blitz January 03 Early 2023"]
[White "Winkels, Marcel"]
[Black "Samaganova, Aleksandra"]
[WhiteFideId "1003887"]
[BlackFideId "13800221"]
[WhiteElo "1960"]
[BlackElo "1856"]
[Result "1-0"]
[Round "09"]
[TimeControl "180+2"]
[Date "2023.01.03"]
[WhiteClock "0:00:35"]
[BlackClock "0:00:01"]

1. e4 c5 2. Nf3 e6 3. d4 cxd4 4. c3 Nf6 5. e5 Nd5 6. cxd4 Nc6 7. Nc3 Nxc3 8. bxc3 d6 9. exd6 Bxd6 10. Bd3 Be7 11. Qe2 O-O 12. O-O Bf6 13. Rb1 Ne7 14. Qe4 Ng6 15. Re1 Qa5 16. Bd2 Rd8 17. h4 Qd5 18. Qe2 Rb8 19. Rb5 Qxa2 20. h5 Nf8 21. h6 g6 22. Bc4 Qa4 23. Reb1 Bd7 24. Rxb7 Rxb7 25. Rxb7 Bc6 26. Rc7 Ba8 27. Ne5 Nd7 28. Bb5 1-0


[Site "https://www.chess.com"]

[Event "Titled Tuesday Blitz January 03 Early 2023"]
[White "Van den Dikkenberg, Erik"]
[Black "Suduvasachmatai"]
[WhiteFideId "1005880"]
[WhiteElo "2091"]
[BlackElo "2107"]
[Result "1-0"]
[Round "09"]
[TimeControl "180+2"]
[Date "2023.01.03"]
[WhiteClock "0:01:55"]
[BlackClock "0:02:24"]

1. e4 c5 2. Nc3 Nc6 3. f4 e5 4. Nf3 exf4 5. Bc4 Nd4 6. d3 Be7 7. Bxf4 Nf6 8. e5 Nh5 9. Be3 Bh4+ 10. g3 Be7 11. Nxd4 cxd4 12. Bxd4 g6 13. Qf3 Ng7 14. Qxf7# 1-0


[Site "https://www.chess.com"]

[Event "Titled Tuesday Blitz January 03 Early 2023"]
[White "Vargas, Mauricio"]
[Black "De Souza, Cristiano Gomes"]
[WhiteFideId "4404572"]
[BlackFideId "2151758"]
[WhiteElo "2035"]
[BlackElo "2018"]
[Result "0-1"]
[Round "09"]
[TimeControl "180+2"]
[Date "2023.01.03"]
[WhiteClock "0:00:02"]
[BlackClock "0:01:22"]

1. e4 c5 2. Nc3 d6 3. f4 a6 4. Nf3 Bg4 5. d3 Nc6 6. h3 Bxf3 7. Qxf3 Nd4 8. Qd1 g6 9. g4 Bg7 10. Bg2 e5 11. O-O Ne7 12. Bd2 O-O 13. f5 f6 14. Nb1 b5 15. c3 Ndc6 16. Qb3+ Kh8 17. Be3 c4 18. dxc4 Na5 19. Qc2 Nxc4 20. Bf2 Rc8 21. Nd2 gxf5 22. gxf5 Bh6 23. Nf3 Rg8 24. Kh1 Qc7 25. Rad1 Ne3 26. Bxe3 Bxe3 27. Qd3 Bf4 28. Qxd6 Rgf8 29. Qxc7 Rxc7 30. Rd6 Nc6 31. Rfd1 a5 32. Bf1 b4 33. cxb4 Nxb4 34. a3 Nc2 35. Rc1 Rfc8 36. Bd3 Ne3 37. Rxc7 Rxc7 38. Rxf6 Rc1+ 39. Ng1 Nd1 0-1


[Site "https://www.chess.com"]

[Event "Titled Tuesday Blitz January 03 Early 2023"]
[White "De Arruda, Leandro Formes"]
[Black "Mohammadian, Mohammad"]
[WhiteFideId "22722009"]
[BlackFideId "12566055"]
[WhiteElo "1980"]
[BlackElo "1398"]
[Result "1-0"]
[Round "09"]
[TimeControl "180+2"]
[Date "2023.01.03"]
[WhiteClock "0:00:43"]
[BlackClock "0:00:02"]

1. d4 Nf6 2. Nf3 g6 3. g3 Bg7 4. Bg2 O-O 5. O-O d5 6. Nc3 c6 7. Re1 Nbd7 8. e4 dxe4 9. Nxe4 Nxe4 10. Rxe4 Nf6 11. Re1 Bg4 12. c3 Bxf3 13. Bxf3 e6 14. Qb3 Qc8 15. a4 Nd5 16. a5 a6 17. c4 Nf6 18. Bf4 Rd8 19. Rad1 Ne8 20. d5 exd5 21. cxd5 cxd5 22. Bxd5 Qf5 23. Bxb7 Rxd1 24. Qxd1 Rc8 25. Bxc8 Qxc8 26. b4 Nf6 27. Be5 h5 28. Qd4 Qf5 29. f4 Kh7 30. Bxf6 Bxf6 31. Qe4 Qb5 32. Rd1 Qa4 33. Qd5 Kg7 34. Rb1 Qc2 35. Rd1 1-0


[Site "https://www.chess.com"]

[Event "Titled Tuesday Blitz January 03 Early 2023"]
[White "Wilson, Elvin"]
[Black "Guevara Sanchez, Erick Marvin"]
[WhiteFideId "2014874"]
[BlackFideId "6700136"]
[WhiteElo "2183"]
[BlackElo "2073"]
[Result "1-0"]
[Round "09"]
[TimeControl "180+2"]
[Date "2023.01.03"]
[WhiteClock "0:00:08"]
[BlackClock "0:01:44"]

1. c4 e5 2. Nc3 Nf6 3. g3 d5 4. cxd5 Nxd5 5. Bg2 Be6 6. Nf3 Nc6 7. O-O Be7 8. d4 exd4 9. Nxd4 Nxd4 10. Qxd4 Bf6 11. Qe4 Nxc3 12. bxc3 O-O 13. Ba3 Re8 14. Qxb7 Rb8 15. Qxa7 Bxc3 16. Rad1 Qf6 17. Qxc7 Bxa2 18. Rd6 Qe5 19. e3 Bb2 20. Bxb2 Rxb2 21. Rd8 g6 22. Qxe5 Kf8 23. Qxe8+ Kg7 24. Qh8+ Kh6 25. Qxb2 Be6 26. h4 f5 27. Qf6 Bc4 28. Qg5+ Kg7 29. Rd7+ Bf7 30. Qe7 Kh6 31. Qxf7 Kh5 32. Qxh7+ Kg4 33. Kh2 f4 34. Bh3+ Kf3 35. Bg2+ Ke2 36. Qxg6 f3 37. Qc2# 1-0


[Site "https://www.chess.com"]

[Event "Titled Tuesday Blitz January 03 Early 2023"]
[White "Tuleyeva-Aketayeva, Dana"]
[Black "Martin, Lewis"]
[WhiteFideId "13701932"]
[BlackFideId "410551"]
[WhiteElo "2130"]
[BlackElo "2135"]
[Result "0-1"]
[Round "09"]
[TimeControl "180+2"]
[Date "2023.01.03"]
[WhiteClock "0:00:08"]
[BlackClock "0:00:50"]

1. Nf3 Nf6 2. g3 d5 3. d4 c6 4. Bg2 Bf5 5. O-O e6 6. c4 Nbd7 7. Nc3 Bd6 8. Nd2 O-O 9. e4 dxe4 10. Ndxe4 Bc7 11. Be3 Qe7 12. Qb3 Rab8 13. Nxf6+ Nxf6 14. d5 cxd5 15. cxd5 a6 16. dxe6 Bxe6 17. Nd5 Nxd5 18. Bxd5 Bxd5 19. Qxd5 Rfd8 20. Qf5 Qe5 21. Qc2 Rbc8 22. Qb3 b5 23. Rac1 Qf6 24. Rc2 Be5 25. Rfc1 Rxc2 26. Rxc2 Qf3 27. Rc1 h6 28. Qc2 h5 29. b3 h4 30. Qc6 Rd1+ 31. Rxd1 Qxc6 32. Rd8+ Kh7 33. g4 h3 34. f4 Qg2# 0-1


[Site "https://www.chess.com"]

[Event "Titled Tuesday Blitz January 03 Early 2023"]
[White "Gundam, Rohit"]
[Black "Larina, Maria"]
[WhiteFideId "75002809"]
[BlackFideId "24113182"]
[WhiteElo "2058"]
[BlackElo "1948"]
[Result "0-1"]
[Round "09"]
[TimeControl "180+2"]
[Date "2023.01.03"]
[WhiteClock "0:00:03"]
[BlackClock "0:00:35"]

1. d4 f5 2. Nf3 Nf6 3. c4 g6 4. Nc3 Bg7 5. Bg5 O-O 6. Bxf6 Bxf6 7. e4 fxe4 8. Nxe4 Bg7 9. Be2 Nc6 10. O-O e5 11. dxe5 Kh8 12. e6 Bxb2 13. Rb1 Bg7 14. exd7 Bxd7 15. Nc5 Bg4 16. Nxb7 Qf6 17. h3 Bf5 18. Nc5 Rfd8 19. Qa4 Bxb1 20. Rxb1 Nd4 21. Nxd4 Rxd4 22. Bf3 Rf8 23. Ne4 Qf4 24. Re1 Be5 25. Qxa7 Rxe4 26. Rxe4 Qc1+ 0-1


[Site "https://www.chess.com"]

[Event "Titled Tuesday Blitz January 03 Early 2023"]
[White "Jarocka, Liwia"]
[Black "Kniazev, Igor"]
[WhiteFideId "21807558"]
[BlackFideId "4136349"]
[WhiteElo "2225"]
[BlackElo "2057"]
[Result "1-0"]
[Round "09"]
[TimeControl "180+2"]
[Date "2023.01.03"]
[WhiteClock "0:00:40"]
[BlackClock "0:00:22"]

1. e4 e5 2. Nf3 Nf6 3. Nc3 Bb4 4. Nxe5 O-O 5. d3 d5 6. Bd2 Bxc3 7. Bxc3 dxe4 8. dxe4 Nxe4 9. Qxd8 Rxd8 10. Be2 Nxc3 11. bxc3 Nd7 12. Nxd7 Bxd7 13. O-O Bf5 14. Bf3 c6 15. Rab1 Rd7 16. Rfd1 Rad8 17. Rxd7 Rxd7 18. Bxc6 Rc7 19. Bxb7 Bxc2 20. Rb2 g6 21. Bd5 Rxc3 22. h3 Rc7 23. Kh2 Kg7 24. Rb8 f5 25. f4 Re7 26. Kg3 a5 27. Ra8 a4 28. Bc6 Re3+ 29. Kh2 Ra3 30. Bd5 h5 31. Ra7+ Kf8 32. h4 Bb1 33. Bf7 Bxa2 34. Bxg6 Bd5 35. Rf7+ Kg8 36. Rxf5 Be4 37. Rg5 Bxg6 38. Rxg6+ Kf7 39. Rg5 Re3 40. Rxh5 a3 41. Ra5 Kg6 42. g3 Re2+ 43. Kh3 a2 44. Kg4 Rb2 45. Ra6+ Kg7 46. h5 Kh7 47. Kg5 Rb5+ 48. f5 Rb2 49. g4 Rc2 50. Ra7+ Kg8 51. h6 Kf8 52. h7 Rh2 53. Rxa2 Rxh7 54. Ra8+ Kg7 55. Ra7+ Kh8 56. Rxh7+ Kxh7 57. Kf6 Kg8 58. Ke7 Kg7 59. f6+ Kg6 60. f7 Kh7 61. f8=Q Kg6 62. Qf5+ Kg7 63. Qg5+ 1-0


[Site "https://www.chess.com"]

[Event "Titled Tuesday Blitz January 03 Early 2023"]
[White "Johnson, Ben"]
[Black "Tarnowska, Aleksandra"]
[WhiteFideId "2010917"]
[BlackFideId "1180967"]
[WhiteElo "1961"]
[BlackElo "1835"]
[Result "1-0"]
[Round "09"]
[TimeControl "180+2"]
[Date "2023.01.03"]
[WhiteClock "0:00:16"]
[BlackClock "0:00:02"]

1. Nf3 d5 2. e3 Nf6 3. c4 c6 4. Nc3 e6 5. b3 Be7 6. Bb2 O-O 7. Qc2 Nbd7 8. Rg1 e5 9. g4 e4 10. Nd4 Ne5 11. g5 Nh5 12. h4 Bg4 13. cxd5 cxd5 14. Rxg4 Nxg4 15. Be2 f5 16. Ne6 Qd7 17. Nxf8 Rxf8 18. Nxd5 Bd6 19. f3 Bg3+ 20. Kd1 Nf2+ 21. Kc1 Kh8 22. Nc3 Nd3+ 23. Kb1 Ne1 24. Qd1 exf3 25. Bb5 Qd6 26. a4 f2 27. Ba3 Qd8 28. Bxf8 Qxf8 29. Ka2 a6 30. Bc4 Qb4 31. Nd5 Qc5 32. Qe2 h6 33. gxh6 gxh6 34. Nf4 Nxf4 35. exf4 Bxf4 36. Qe8+ Kg7 37. Qg8+ Kf6 38. Qf7+ Ke5 39. Qe8+ Kd4 40. Rxe1 fxe1=Q 41. Qxe1 Qb4 42. Qf2+ Ke5 43. Qe2+ Kf6 44. Qe6+ Kg7 45. Qf7+ Kh8 46. Qg8# 1-0


[Site "https://www.chess.com"]

[Event "Titled Tuesday Blitz January 03 Early 2023"]
[White "Dos Santos, Emmanuel"]
[Black "Blindsplieler"]
[WhiteFideId "2103559"]
[WhiteElo "2261"]
[BlackElo "2071"]
[Result "1-0"]
[Round "09"]
[TimeControl "180+2"]
[Date "2023.01.03"]
[WhiteClock "0:00:15"]
[BlackClock "0:01:33"]

1. e4 e5 2. d4 exd4 3. c3 d5 4. exd5 Qxd5 5. cxd4 Nc6 6. Nf3 Bg4 7. Be2 O-O-O 8. Nc3 Bb4 9. O-O Bxf3 10. Nxd5 Bxd5 11. Be3 Nf6 12. Bf3 Rhe8 13. Bxd5 Nxd5 14. Qf3 Nf6 15. a3 Bd6 16. b4 Kb8 17. b5 Na5 18. Bf4 b6 19. Bxd6 Rxd6 20. Rfe1 Red8 21. Re7 Rxd4 22. h3 R4d7 23. Rae1 Nc4 24. Qc6 Rxe7 25. Rxe7 Rc8 26. Qxc4 Ne8 27. Qxf7 Nd6 28. Qxg7 Nf5 29. Qxh7 Nxe7 30. Qxe7 a5 31. g4 Rh8 32. g5 Rxh3 33. g6 Re3 34. Qxe3 1-0


[Site "https://www.chess.com"]

[Event "Titled Tuesday Blitz January 03 Early 2023"]
[White "Mitrovic, Darko R"]
[Black "KSho99"]
[WhiteFideId "927023"]
[WhiteElo "2220"]
[BlackElo "2118"]
[Result "1/2-1/2"]
[Round "09"]
[TimeControl "180+2"]
[Date "2023.01.03"]
[WhiteClock "0:00:07"]
[BlackClock "0:00:04"]

1. d4 f5 2. Nf3 Nf6 3. g3 g6 4. Bg2 Bg7 5. O-O O-O 6. c4 d6 7. Nc3 c6 8. d5 e5 9. dxe6 Bxe6 10. b3 Na6 11. Bb2 Qc7 12. Ng5 Bd7 13. Rc1 h6 14. Nf3 Rad8 15. Nh4 g5 16. Nf3 Nc5 17. e3 Be6 18. Nd4 Bc8 19. Qc2 Nfe4 20. b4 Nxc3 21. Bxc3 Ne4 22. Bb2 Rde8 23. Ne2 Bxb2 24. Qxb2 Qg7 25. Qxg7+ Kxg7 26. Rfd1 Rd8 27. Nc3 Nxc3 28. Rxc3 Be6 29. f4 d5 30. cxd5 Bxd5 31. Bxd5 Rxd5 32. Rxd5 cxd5 33. Rc7+ Rf7 34. Rc8 Rd7 35. Kf2 Kf6 36. Ke2 d4 37. Rh8 Kg7 38. Rb8 dxe3 39. Kxe3 Kf6 40. a3 Kg7 41. Rc8 Kf6 42. Ra8 Kg7 43. Rxa7 Rc7 44. a4 Kf6 45. Kd4 Rc2 46. Kd3 Rxh2 47. Rxb7 Rh3 48. fxg5+ hxg5 49. a5 Rxg3+ 50. Kc4 Ra3 51. Kb5 g4 52. a6 g3 53. a7 g2 54. Rb6+ Kg5 55. Ra6 Rxa6 56. Kxa6 g1=Q 57. a8=Q Qa1+ 58. Kb7 Qxa8+ 59. Kxa8 f4 60. b5 f3 61. b6 f2 62. b7 f1=Q 63. b8=Q Qa6+ 64. Qa7 Qxa7+ 65. Kxa7 1/2-1/2


[Site "https://www.chess.com"]

[Event "Titled Tuesday Blitz January 03 Early 2023"]
[White "Ocelak, Jakub"]
[Black "Necula, Iulian"]
[WhiteFideId "23707933"]
[BlackFideId "1232380"]
[WhiteElo "2198"]
[BlackElo "1851"]
[Result "1-0"]
[Round "09"]
[TimeControl "180+2"]
[Date "2023.01.03"]
[WhiteClock "0:02:02"]
[BlackClock "0:00:36"]

1. b3 Nf6 2. Bb2 g6 3. g3 Bg7 4. Bg2 O-O 5. Nf3 c6 6. O-O d6 7. c4 e5 8. d3 Nbd7 9. b4 a5 10. b5 Qc7 11. Nc3 Re8 12. Rb1 d5 13. bxc6 bxc6 14. Nd2 Nb6 15. Ba3 d4 16. Nce4 Nxe4 17. Nxe4 Ra6 18. Qb3 Be6 19. Nc5 a4 20. Nxa6 axb3 21. Nxc7 bxa2 22. Nxe8 axb1=Q 23. Rxb1 1-0


[Site "https://www.chess.com"]

[Event "Titled Tuesday Blitz January 03 Early 2023"]
[White "Pace, Christopher"]
[Black "Tharushi, T H D Niklesha"]
[WhiteFideId "2610167"]
[BlackFideId "9918264"]
[WhiteElo "2053"]
[BlackElo "1570"]
[Result "1-0"]
[Round "09"]
[TimeControl "180+2"]
[Date "2023.01.03"]
[WhiteClock "0:00:47"]
[BlackClock "0:00:41"]

1. e4 a6 2. d4 b5 3. a4 bxa4 4. Nc3 Nf6 5. e5 Ng8 6. Bc4 e6 7. Rxa4 Bb7 8. Qg4 h5 9. Qg3 h4 10. Qg4 Nh6 11. Qh3 g5 12. f3 Nc6 13. Nge2 d5 14. exd6 Bxd6 15. Ne4 Be7 16. c3 f5 17. Nf2 Qd7 18. O-O Nxd4 19. Nxd4 Qxa4 20. Bxe6 Bc8 21. Bd5 f4 22. Ng4 c5 23. Bc6+ Qxc6 24. Nxc6 Kf8 25. Nxe7 Kxe7 26. Re1+ Kd6 27. Bxf4+ gxf4 28. Qxh4 Bxg4 29. Qf6+ Kc7 30. fxg4 Raf8 31. Re7+ Kc8 32. Qc6+ Kd8 33. Qd7# 1-0


[Site "https://www.chess.com"]

[Event "Titled Tuesday Blitz January 03 Early 2023"]
[White "Lohani, Sujana"]
[Black "Flis, Pawel"]
[WhiteFideId "12311987"]
[BlackFideId "1112864"]
[WhiteElo "1754"]
[BlackElo "1879"]
[Result "0-1"]
[Round "09"]
[TimeControl "180+2"]
[Date "2023.01.03"]
[WhiteClock "0:00:03"]
[BlackClock "0:00:50"]

1. d4 c5 2. d5 Nf6 3. Nc3 e6 4. e4 d6 5. Nf3 exd5 6. exd5 Be7 7. Bf4 O-O 8. Nd2 Na6 9. Be2 Nc7 10. Nc4 Bf5 11. a4 b6 12. O-O Ne4 13. Nxe4 Bxe4 14. Bf3 Bxf3 15. Qxf3 Rb8 16. Rfe1 Qd7 17. b3 Rfe8 18. Re2 Bf8 19. Rae1 Rxe2 20. Rxe2 Re8 21. h4 Rxe2 22. Qxe2 Qf5 23. Bxd6 Nxd5 24. Bxf8 Kxf8 25. Nd6 Qe6 26. Qxe6 fxe6 27. Ne4 Ke7 28. Kf1 h6 29. Ke2 Nf6 30. f3 Nxe4 31. fxe4 Kd6 32. Ke3 Ke5 33. c3 a6 34. g4 g6 35. h5 g5 36. Kf3 b5 37. axb5 axb5 38. Ke3 b4 39. cxb4 cxb4 40. Kf3 Kd4 41. e5 Kc3 42. Ke4 Kxb3 43. Kd4 Ka2 44. Kc5 b3 45. Kd6 b2 46. Kxe6 b1=Q 47. Kf7 Qb7+ 48. Kf6 Qf3+ 49. Kg6 Qxg4 50. Kxh6 Qf5 51. Kg7 Qxe5+ 52. Kg6 g4 53. h6 Qh8 54. h7 g3 55. Kh5 g2 56. Kg4 g1=Q+ 57. Kf3 Qxh7 0-1


[Site "https://www.chess.com"]

[Event "Titled Tuesday Blitz January 03 Early 2023"]
[White "Fedoseev, Vladimir"]
[Black "Duda, Jan-Krzysztof"]
[WhiteFideId "24130737"]
[BlackFideId "1170546"]
[WhiteElo "2680"]
[BlackElo "2724"]
[Result "0-1"]
[Round "10"]
[TimeControl "180+2"]
[Date "2023.01.03"]
[WhiteClock "0:00:06"]
[BlackClock "0:01:06"]

1. e4 c5 2. Nf3 d6 3. Bb5+ Bd7 4. c4 Nf6 5. Nc3 g6 6. d4 cxd4 7. Bxd7+ Nbxd7 8. Nxd4 Bg7 9. O-O O-O 10. b3 a6 11. Re1 e6 12. Ba3 Qc7 13. Rc1 Rfd8 14. Qd2 Rac8 15. Red1 Nc5 16. Qe1 Qa5 17. Bb2 Nfxe4 18. Nxe4 Qxe1+ 19. Rxe1 Nd3 20. Ba1 Nxc1 21. Rxc1 d5 22. Ng3 dxc4 23. Nf3 cxb3 24. Rb1 Bxa1 25. axb3 Bg7 26. Ne4 h6 27. h4 f5 28. Ned2 b5 29. Nf1 e5 30. h5 Bf6 31. hxg6 Kg7 32. Ne3 Kxg6 33. g4 fxg4 34. Nxg4 e4 35. Nfh2 h5 36. Ne3 Rd3 37. Nhf1 a5 38. Ng3 Bd4 39. Nef5 Rc2 40. Nxd4 Rxd4 41. Ra1 a4 42. bxa4 bxa4 43. Nf1 Rc3 44. Ne3 a3 45. Kg2 Rd2 46. Kg3 a2 47. Kg2 Rxe3 0-1


[Site "https://www.chess.com"]

[Event "Titled Tuesday Blitz January 03 Early 2023"]
[White "Chigaev, Maksim"]
[Black "Xiong, Jeffery"]
[WhiteFideId "4108116"]
[BlackFideId "2047640"]
[WhiteElo "2628"]
[BlackElo "2692"]
[Result "1-0"]
[Round "10"]
[TimeControl "180+2"]
[Date "2023.01.03"]
[WhiteClock "0:01:23"]
[BlackClock "0:00:28"]

1. e4 c5 2. Nf3 Nf6 3. Nc3 d5 4. exd5 Nxd5 5. Bb5+ Bd7 6. Ne5 Nf6 7. Qf3 Qc8 8. Nxd7 Nbxd7 9. b3 e6 10. Bb2 Be7 11. O-O-O O-O 12. g4 a6 13. Bxd7 Nxd7 14. h4 c4 15. g5 b5 16. Kb1 Nc5 17. Qe3 cxb3 18. axb3 a5 19. h5 a4 20. h6 axb3 21. hxg7 bxc2+ 22. Kxc2 e5 23. Qh3 Qxh3 24. gxf8=Q+ Kxf8 25. Rxh3 b4 26. Nd5 b3+ 27. Kb1 1-0


[Site "https://www.chess.com"]

[Event "Titled Tuesday Blitz January 03 Early 2023"]
[White "Naroditsky, Daniel"]
[Black "Nakamura, Hikaru"]
[WhiteFideId "2026961"]
[BlackFideId "2016192"]
[WhiteElo "2618"]
[BlackElo "2775"]
[Result "0-1"]
[Round "10"]
[TimeControl "180+2"]
[Date "2023.01.03"]
[WhiteClock "0:00:03"]
[BlackClock "0:00:07"]

1. e4 c6 2. d4 d5 3. e5 Bf5 4. Nf3 e6 5. Be2 Nd7 6. O-O h6 7. Nbd2 Ne7 8. Nb3 g5 9. Ne1 Bg7 10. Nd3 Qb6 11. Be3 a5 12. a4 Bg6 13. f4 Nf5 14. Bf2 Bf8 15. Kh1 Be7 16. Rc1 Qd8 17. Nd2 h5 18. fxg5 Bxg5 19. c4 h4 20. cxd5 cxd5 21. Rc3 h3 22. g3 Ne3 23. Bxe3 Bxe3 24. Nb3 b6 25. Nf4 Bxf4 26. Rxf4 Rc8 27. Bb5 Rxc3 28. bxc3 Qc7 29. Qd2 Kd8 30. Kg1 Kc8 31. Nc1 Kb8 32. Ne2 Rc8 33. Rf1 Nf8 34. Rc1 Nh7 35. Qe3 Qe7 36. c4 dxc4 37. d5 Qc5 38. Qxc5 Rxc5 39. d6 Ng5 40. Nd4 Kc8 41. Nc6 Be4 42. Ne7+ Kd8 43. Kf2 c3 44. Ke3 c2 45. Kf4 f6 46. exf6 Bh7 47. Nc6+ Kd7 48. Ne5+ Kxd6 49. f7 Nxf7 50. Nxf7+ Kd5 51. Ng5 Bg6 52. Nxh3 Kd4 53. Nf2 Rf5+ 54. Kg4 Rxf2 55. h4 Kc3 56. h5 Bf5+ 57. Kg5 Kb2 0-1


[Site "https://www.chess.com"]

[Event "Titled Tuesday Blitz January 03 Early 2023"]
[White "Martinez Alcantara, Jose Eduardo"]
[Black "Paravyan, David"]
[WhiteFideId "3805662"]
[BlackFideId "4194985"]
[WhiteElo "2619"]
[BlackElo "2601"]
[Result "1-0"]
[Round "10"]
[TimeControl "180+2"]
[Date "2023.01.03"]
[WhiteClock "0:00:14"]
[BlackClock "0:00:01"]

1. c4 Nf6 2. g3 e5 3. Bg2 d5 4. cxd5 Nxd5 5. Nc3 Nxc3 6. bxc3 Bd6 7. d3 O-O 8. Nf3 Nc6 9. O-O Rb8 10. a4 b6 11. Bb2 Na5 12. Qc2 Re8 13. Rad1 Bb7 14. c4 c5 15. Bc3 Nc6 16. e3 a5 17. Qe2 Nb4 18. Rd2 Qd7 19. Ra1 Bc6 20. Ng5 Bxg2 21. Kxg2 h6 22. Nf3 Rbd8 23. e4 Qe6 24. h3 Rd7 25. Nh2 Bc7 26. Ng4 Red8 27. Rad1 f5 28. Ne3 f4 29. Nd5 Rf8 30. Qg4 Qxg4 31. hxg4 fxg3 32. fxg3 Re8 33. Rf1 Bd8 34. Rf3 Rf7 35. Rdf2 Rxf3 36. Rxf3 Re6 37. Kf2 Bf6 38. Ke2 Kf7 39. Bd2 Kg6 40. Rf5 Nc6 41. Be3 Nd4+ 42. Bxd4 cxd4 43. Rf1 Kf7 44. Nc7 Rc6 45. Nd5 Ke6 46. Rf2 Bd8 47. Rf8 Rd6 48. Ke1 Rd7 49. Rf2 Rd6 50. Kf1 1-0


[Site "https://www.chess.com"]